 Dungeon Crawl Stone Soup version 0.30-a0-172-gc5509c9e31 (webtiles) character file.

Game seed: 18108125853678682564

198 ytrimaz the Ducker (level 6, -5/40 HPs)
             Began as a Djinni Fire Elementalist on Oct 1, 2022.
             Slain by a lemure (7 damage)
             ... led by Pikel
             ... on level 4 of the Dungeon.
             The game lasted 00:05:59 (2916 turns).

ytrimaz the Ducker (Djinni Fire Elementalist)       Turns: 2916, Time: 00:05:59

Health: -5/40      AC:  3    Str:  7    XL:     6   Next: 6%
Gold:   175        EV: 13    Int: 18    God:
                   SH:  0    Dex: 14

rFire   + + .      SeeInvis .    c - +2 dagger (holy)
rCold   x . .      Faith    .    (no shield)
rNeg    . . .      Spirit   .    a - +0 robe rPois โˆž Reflect .
                                 e - +0 helmet
rElec   .          Harm     .    (no cloak)
rCorr   .          Rampage  .    (no gloves)
Will    .....                    (boots unavailable)
Stlth   ++........               (no amulet)
HPRegen 0.26/turn                (no ring)
MPRegen 0.00/turn                (no ring)

@: flying
A: sickness immunity, fire resistance 2, cold vulnerability 1, float, innate
caster, HP casting, extra vitality 1
a: no special abilities


You were on level 4 of the Dungeon.
You visited 1 branch of the dungeon, and saw 4 of its levels.

You collected 175 gold pieces.


Innate Abilities, Weirdness & Mutations

You are immune to sickness and miasma.
You are immune to poison.
Your flesh is very heat resistant. (rF++)
You are vulnerable to cold. (rC-)
You float through the air rather than walking.
You learn spells naturally, not from books.
Your magical power is your life essence.
You have superior vitality. (+4 MHP)


   Skills:
 + Level 4.6 Dodging
 - Level 2.0 Stealth
 + Level 3.7 Spellcasting


You couldn't memorise any spells.
You knew the following spells:

 Your Spells              Type           Power      Damage    Failure   Level
a - Searing Ray           Conj           32%        2d5       4%          2
b - Sandblast             Erth           32%        2d9       3%          1
c - Scorch                Fire           32%        2d6       4%          2
d - Kindle Blastsparks    Fire/Tloc/Air  32%        2d12      10%         3
e - Inner Flame           Hex/Fire       16%        N/A       10%         3
f - Flame Wave            Conj/Fire      16%        2d7       32%         4
g - Foxfire               Conj/Fire      64%        2x1d7     3%          1
Your spell library was empty.

Inventory:

Hand Weapons
 c - a +2 dagger of holy wrath (weapon)
   (You took it off a kobold on level 1 of the Dungeon)
Armour
 a - a +0 robe (worn)
 e - a +0 helmet (worn)
   (You found it on level 1 of the Dungeon)
Scrolls
 b - a scroll of amnesia
 g - a scroll of butterflies
 i - 2 scrolls of immolation
Potions
 d - a potion of curing {unknown}
 f - 2 potions of attraction
 h - a potion of magic {unknown}
 j - 2 potions of haste {unknown}
 k - a potion of heal wounds {unknown}
 l - 2 potions of berserk rage {unknown}

Dungeon Overview and Level Annotations

Branches:
Dungeon (4/15) Zot: 21047
 Temple: D:4-7

Altars:
Okawaru

Shops:
D:2

( ........#.#
....#
..........##....#
...............#
.......(.......#
........[......#
######.........#
#.........#
#.........#
#@5...$...#
#...ยง.....#
#.........#
######........
.........
.........
..........
....#.....
####.#.....


You could see a lemure (combustible).


Message History

You see here 4 atropa-tipped darts.
You now have 175 gold pieces (gained 15).
A lemure comes into view.
A lemure is nearby!
A lemure is nearby!
A lemure is nearby!
A lemure comes into view.
The blast of sand hits the lemure. ๐Ÿ˜• HP[-1]
You take 1 damage, and now have 39/40 hp.
The blast of sand hits the lemure.
The blast of sand hits the lemure!
The lemure hits you. ๐Ÿ˜• HP[-2]
You take 2 damage, and now have 37/40 hp.
The blast of sand misses the lemure. x2; The lemure hits you.
The lemure closely misses you. ๐Ÿ˜• HP[-2]
You take 2 damage, and now have 35/40 hp.
The blast of sand hits the lemure.
The lemure barely misses you. The lemure hits you. ๐Ÿ˜• HP[-4]
You take 4 damage, and now have 31/40 hp.
The blast of sand hits the lemure.
The lemure barely misses you. The lemure completely misses you.
The lemure hits you. x2
* * * LOW HITPOINT WARNING * * *
๐Ÿ˜จ HP[-12]
You take 12 damage, and now have 19/40 hp.
MASSIVE DAMAGE!! (PAUSE)
You are too injured to fight recklessly!
Casting: Sandblast (safe; 3% risk of failure)
Confirm with . or Enter, or press ? or * to list all spells.
You don't know that spell.
Casting: Sandblast (safe; 3% risk of failure)
Confirm with . or Enter, or press ? or * to list all spells.
A cloud of volatile blastsparks flares up around you!
* * * LOW HITPOINT WARNING * * *
The lemure closely misses you.
The lemure hits you but does no damage. ๐Ÿ˜จ HP[-2]
You take 2 damage, and now have 17/40 hp.
Unknown command.
Casting: Kindle Blastsparks (dangerous; 10% risk of failure)
Confirm with . or Enter, or press ? or * to list all spells.
There's already a cloud here!
Unknown command.
You closely miss the lemure. The lemure closely misses you. x2
Unknown command.
Casting: Kindle Blastsparks (dangerous; 10% risk of failure)
Confirm with . or Enter, or press ? or * to list all spells.
Okay, then.
The lemure attacks as you move away! The lemure misses you.
The cloud of blastsparks explodes!
The concussive blast engulfs the lemure!
You kill the lemure!
That felt strangely unrewarding.
The concussive blast engulfs you. You resist.
* * * LOW HITPOINT WARNING * * *
The concussive blast engulfs the lemure!
You are knocked back by the blast.
The lemure is knocked back by the blast. ๐Ÿ˜จ HP[-2]
You take 2 damage, and now have 15/40 hp.
Casting: Kindle Blastsparks (dangerous; 10% risk of failure)
Confirm with . or Enter, or press ? or * to list all spells.
Okay, then.
Casting: Kindle Blastsparks (dangerous; 10% risk of failure)
Confirm with . or Enter, or press ? or * to list all spells.
A cloud of volatile blastsparks flares up around you!
* * * LOW HITPOINT WARNING * * *
๐Ÿ˜จ HP[-3]
You take 3 damage, and now have 12/40 hp.
Unknown command. ๐Ÿ˜จ HP[+1]
You are too injured to fight recklessly!
Unknown command.
Casting: Kindle Blastsparks (dangerous; 10% risk of failure)
Confirm with . or Enter, or press ? or * to list all spells.
Okay, then.
Casting: Kindle Blastsparks (dangerous; 10% risk of failure)
Confirm with . or Enter, or press ? or * to list all spells.
Flames lash the lemure.
The lemure's fire resistance burns away.
* * * LOW HITPOINT WARNING * * *
You hear a shout! ๐Ÿ˜จ HP[-2]
You take 2 damage, and now have 11/40 hp.
Unknown command.
Unknown command.
You hit the lemure but do no damage. The lemure hits you!
* * * LOW HITPOINT WARNING * * *
๐Ÿ˜ฑ HP[-7]
You take 7 damage, and now have 4/40 hp.
Unknown command.
You hit the lemure but do no damage. The lemure closely misses you.
Unknown command.
Casting: Scorch (safe; 4% risk of failure)
Confirm with . or Enter, or press ? or * to list all spells.
Flames lash the lemure.
The lemure is burned terribly!
* * * LOW HITPOINT WARNING * * *
You hear a shout!
The lemure hits you!
You die...

Skill      XL: |  1  2  3  4  5 |
---------------+----------------+-----
Stealth        | 2 |  2.0
Dodging        | 3 4 |  4.6
Spellcasting   | 3 |  3.7

Action                   |  1- 3 |  4- 6 || total
-------------------------+-------+-------++-------
Melee: Unarmed           |     9 |       ||     9
       Dagger            |    11 |     8 ||    19
 Cast: Foxfire           |    36 |       ||    36
       Sandblast         |    13 |    60 ||    73
       Scorch            |       |     2 ||     2
       Kindle Blastspark |       |     2 ||     2
  Use: Scroll            |     1 |     6 ||     7
Armor: Robe              |     7 |     8 ||    15
Dodge: Dodged            |    35 |    29 ||    64

Levels and vault maps discovered:
D:1:      dpeg_arrival_orchard, layout_basic,
          dreamdust_ecumenical_altar_drowned_temple, hangedman_decor_slide_cut
D:2:      layout_basic, basic_altar, serial_shops,
          nicolae_shop_advertising_works [nicolae_subvault_shop_adworks],
          minmay_misc_feat_encased, grunt_ministairs_5
D:3:      layout_loops_cross, serial_rivers, chequers_serial_rivers_marsh,
          chequers_serial_rivers_micro_d, chequers_serial_rivers_small_b,
          chequers_serial_rivers_room_b, chequers_serial_rivers_micro_a,
          corexii_item_surrounded_by_moat, item_on_display_a, uniq_jessica
D:4:      layout_basic, uniq_pikel

Notes
Turn   | Place    | Note
-------+----------+-------------------------------------------
     0 | D:1      | ytrimaz the Djinni Fire Elementalist began the quest for
                  | the Orb.
     0 | D:1      | ytrimaz set off with the following spells memorised:
                  | Foxfire, Scorch, Kindle Blastsparks, Inner Flame, Flame
                  | Wave.
     0 | D:1      | Reached XP level 1. HP: 15/15 MP: 0/0
     0 | D:1      | magus.rc [v1.9.6]
   544 | D:1      | Reached XP level 2. HP: 19/21 MP: 0/0
   597 | D:1      | Found a faded altar of an unknown god.
   835 | D:1      | Reached skill level 2 in Stealth
   836 | D:1      | HP: 5/21 [quokka (3)]
  1174 | D:2      | Reached XP level 3. HP: 25/25 MP: 0/0
  1174 | D:2      | Learned a level 1 spell: Sandblast
  1277 | D:2      | Reached skill level 3 in Dodging
  1374 | D:2      | Found Qosuak's Weapon Boutique.
  1485 | D:2      | Reached skill level 3 in Spellcasting
  1485 | D:2      | Reached XP level 4. HP: 27/31 MP: 0/0
  1668 | D:2      | Found an iron altar of Okawaru.
  2127 | D:3      | Reached XP level 5. HP: 23/35 MP: 0/0
  2127 | D:3      | Learned a level 2 spell: Searing Ray
  2272 | D:3      | Reached skill level 4 in Dodging
  2738 | D:3      | Noticed Jessica
  2741 | D:3      | Killed Jessica
  2795 | D:4      | Reached XP level 6. HP: 38/40 MP: 0/0
  2914 | D:4      | HP: 4/40 [lemure[Pikel] (8)]
  2916 | D:4      | Slain by a lemure

Vanquished Creatures
  A lemure (D:4)
  A hound (D:4)
  Jessica (D:3)
  8 adders
  7 orcs (D:3)
  3 bats
  5 endoplasms
  3 giant cockroaches (D:2)
  9 goblins
  4 hobgoblins
  8 kobolds
  3 quokkas
  5 ball pythons
  A frilled lizard (D:1)
  3 rats
  A spectral goblin (D:1)
63 creatures vanquished.

Vanquished Creatures (others)
  49 foxfires
49 creatures vanquished.

Grand Total: 112 creatures vanquished

Table legend:
 A = Non-vault XP
 B = Vault XP
 C = Vault XP percentage of total XP
 D = Non-vault monster count
 E = Vault monster count
 F = Vault count percentage of total count
                 A         B        C        D         E       F
            +---------+---------+-------+---------+---------+-------
      Total |     242 |      42 |  14.8 |      58 |       4 |   6.5
            +---------+---------+-------+---------+---------+-------
        D:1 |      24 |       1 |   4.0 |      13 |       1 |   7.1
        D:2 |      81 |       4 |   4.7 |      22 |       2 |   8.3
        D:3 |      87 |      37 |  29.8 |      19 |       1 |   5.0
        D:4 |      50 |       0 |   0.0 |       4 |       0 |   0.0
            +---------+---------+-------+---------+---------+-------

Illustrated notes

Table legend:
 A = Kills in this place as a percentage of kills in entire the game.
 B = Kills by you in this place as a percentage of kills by you in the entire game.
 C = Kills by friends in this place as a percentage of kills by friends in the entire game.
 D = Other kills in this place as a percentage of other kills in the entire game.
 E = Experience gained in this place as a percentage of experience gained in the entire game.
 F = Experience gained in this place divided by the number of levels of this place that you have seen.
                   A       B       C       D       E      F
               +-------+-------+-------+-------+-------+----------------------
         Total | 100.0 | 100.0 |   N/A |   N/A | 100.0 |  71.0
       Dungeon | 100.0 | 100.0 |   N/A |   N/A | 100.0 |  71.0
               +-------+-------+-------+-------+-------+----------------------

Table legend: (Time is in decaauts)
 A = Elapsed time spent in this place.
 B = Non-inter-level travel time spent in this place.
 C = Inter-level travel time spent in this place.
 D = Time resting spent in this place.
 E = Time spent auto-exploring this place.
 F = Levels seen in this place.
 G = Mean time per level.
                   A        B        C        D        E       F      G
               +--------+--------+--------+--------+--------+-----+--------+
         Total |   2951 |   2909 |     42 |      0 |   2498 |   4 |  737.8 |
       Dungeon |   2951 |   2909 |     42 |      0 |   2498 |   4 |  737.8 |
               +--------+--------+--------+--------+--------+-----+--------+

Top non-repeatable levels by time:
     D:2: 1079 daAuts
     D:1: 1040 daAuts
     D:3: 696 daAuts
     D:4: 134 daAuts
